 Dungeon Crawl Stone Soup version 0.29.0-10-g45618ea6d2 (webtiles) character file.

Game seed: 19122028501742628

58342 smilodon the Covert (level 14, -7/157 HPs)
             Began as a Demonspawn Gladiator on Sept 1, 2022.
             Was a High Priest of Vehumet.
             Mangled by a catoblepas (16 damage)
             ... on level 4 of the Lair of Beasts.
             The game lasted 01:51:00 (23909 turns).

smilodon the Covert (Demonspawn Gladiator)         Turns: 23909, Time: 01:51:01

Health: -7/157     AC: 16    Str: 14    XL:     14   Next: 49%
Magic:  19/27      EV:  9    Int: 11    God:    Vehumet [*****.]
Gold:   1651       SH:  0    Dex: 26    Spells: 20/31 levels left

rFire   + . .      SeeInvis .   O - +4 dagger (speed)
rCold   . . .      Faith    .   (no shield)
rNeg    + . .      Spirit   .   z - +2 ring mail of Badunass {rElec Will+ Regen+ Int-3}
rPois   .          Reflect  .   b - +1 hat
rElec   +          Harm     .   P - +0 cloak
rCorr   .          Rampage  .   (gloves unavailable)
Will    ++...                   l - +0 pair of boots
Stlth   ..........              u - amulet of regeneration
HPRegen 1.96/turn               o - ring of Oshred {Drain rF+ rN+ Dex+6}
MPRegen 0.20/turn               N - +4 ring of protection

@: berserking, petrifying, quick
A: thin skeletal structure 2, powered by death 2, robust 1, demonic magic 2,
demonic touch 3, mutation resistance 1, sense surroundings 1
a: Renounce Religion


You were on level 4 of the Lair of Beasts.
You worshipped Vehumet.
Vehumet was extremely pleased with you.
You visited 4 branches of the dungeon, and saw 20 of its levels.
You also visited: Ossuary.

You collected 2061 gold pieces.
You spent 410 gold pieces at shops.

Inventory:

Hand Weapons
 t - a +4 dagger of draining
 O - a +4 dagger of speed (weapon)
 X - a +3 short sword of draining
 Y - a +0 antimagic dagger
Missiles
 d - a throwing net (quivered)
 A - 3 atropa-tipped darts
 G - 10 curare-tipped darts
 Q - 48 poisoned darts
Armour
 b - a +1 hat (worn)
 l - a +0 pair of boots (worn)
 n - a +2 scale mail of positive energy
 z - the +2 ring mail of Badunass (worn) {rElec Will+ Regen+ Int-3}
   (You found it on level 2 of the Lair of Beasts)

   Int:       It affects your intelligence (-3).
   rElec:     It insulates you from electricity.
   Regen:     It increases your rate of health regeneration.
   Will:      It increases your willpower.
 P - a +0 cloak (worn)
 V - the +2 robe "Wiuverim" {Int+2 Dex+3}
   (You bought it in a shop on level 2 of the Orcish Mines)

   Int:       It affects your intelligence (+2).
   Dex:       It affects your dexterity (+3).
Magical Staves
 D - a staff of conjuration
Jewellery
 a - a +6 ring of strength
 c - a ring of protection from fire
 o - the ring of Oshred (left hand) {Drain rF+ rN+ Dex+6}
   (You found it on level 2 of the Dungeon)

   [ring of dexterity]

   Dex:       It affects your dexterity (+6).
   rF:        It protects you from fire.
   rN:        It protects you from negative energy.
   Drain:     It drains your maximum health when unequipped.
 q - a ring of poison resistance
 u - an amulet of regeneration (around neck)
 x - an amulet of the acrobat
 B - a ring of ice
 N - a +4 ring of protection (right hand)
 R - an amulet of reflection
 S - a ring of fire
 T - a ring of poison resistance
 W - a ring of flight
Wands
 j - a wand of roots (12)
 F - a wand of charming (24)
 U - a wand of quicksilver (5)
Scrolls
 g - a scroll of poison
 i - 5 scrolls of magic mapping
 m - a scroll of amnesia
 p - 3 scrolls of brand weapon
 r - 2 scrolls of teleportation
 s - 8 scrolls of enchant armour
 w - 4 scrolls of immolation
 y - 3 scrolls of identify
 C - a scroll of fog
 E - 6 scrolls of vulnerability
 H - a scroll of fear
 L - 3 scrolls of noise
Potions
 e - a potion of flight
 f - a potion of haste
 k - 2 potions of curing
 v - 6 potions of mutation
 K - 4 potions of attraction
 M - a potion of cancellation
 Z - 3 potions of brilliance
Miscellaneous
 I - a condenser vane
 J - a box of beasts


   Skills:
 - Level 4.4 Fighting
 - Level 10.0(10.4) Short Blades
 - Level 4.2(7.7) Long Blades
 + Level 2.4 Throwing
 - Level 7.7 Armour
 + Level 8.9 Dodging
 + Level 10.8 Stealth
 + Level 3.5 Shields
 * Level 9.4 Spellcasting
 * Level 7.5 Fire Magic
 + Level 1.7 Ice Magic
 * Level 7.2 Air Magic
 + Level 1.7 Earth Magic
 + Level 1.7 Evocations


You had 20 spell levels left.
You knew the following spells:

 Your Spells              Type           Power      Damage    Failure   Level
a - Foxfire               Conj/Fire      52%        2x1d6     1%          1
b - Static Discharge      Conj/Air       13%        3-5/arc   2%          2
c - Freeze                Ice            36%        1d6       3%          1
d - Stone Arrow           Conj/Erth      14%        3d7       14%         3
e - Flame Wave            Conj/Fire      13%        2d6       14%         4

Your spell library contained the following spells:

 Spells                   Type           Power      Damage    Failure   Level
 Eringya's Noxious Bog    Tmut/Pois      2%         N/A       100%        6
 Conjure Flame            Conj/Fire      13%        6-21      4%          3
 Inner Flame              Hex/Fire       13%        N/A       4%          3
 Frozen Ramparts          Ice            18%        1d3       11%         3
 Hailstorm                Conj/Ice       7%         3d4       41%         4
 Call Canine Familiar     Summ           5%         N/A       58%         3
 Confusing Touch          Hex            5%         N/A       58%         3
 Portal Projectile        Hex/Tloc       10%        N/A       58%         3
 Summon Guardian Golem    Hex/Summ       5%         N/A       58%         3
 Yara's Violent Unravell  Hex/Tmut       2%         3d3       83%         5
 Animate Armour           Summ/Erth      14%        N/A       87%         4
 Ice Form                 Ice/Tmut       7%         N/A       87%         4
 Leda's Liquefaction      Hex/Erth       3%         N/A       87%         4
 Petrify                  Tmut/Erth      7%         N/A       87%         4
 Cause Fear               Hex            2%         N/A       94%         4
 Borgnjor's Vile Clutch   Necr/Erth      3%         N/A       99%         5
 Metabolic Englaciation   Hex/Ice        3%         N/A       99%         5
 Simulacrum               Ice/Necr       3%         N/A       100%        6
 Statue Form              Tmut/Erth      4%         N/A       100%        6
 Enfeeble                 Hex            2%         N/A       100%        7
 Discord                  Hex            2%         N/A       100%        8
 Lehudib's Crystal Spear  Conj/Erth      3%         10d3      100%        8
 Necromutation            Tmut/Necr      2%         N/A       100%        8


Dungeon Overview and Level Annotations

Branches:
Dungeon (13/15)            Temple (1/1) D:6            Lair (4/5) D:9
 Shoals (0/4) Lair:2        Snake (0/4) Lair:3          Orc (2/2) D:11
    Elf (0/3) Orc:2       Ossuary (visited)
  Slime: Lair:4-5    Vaults: D:13-14

Altars:
Ashenzari
Cheibriados
Dithmenos
Fedhas
Gozag
Hepliaklqana
Kikubaaqudgha
Makhleb
Nemelex Xobeh
Okawaru
Qazlal
Ru
Sif Muna
Trog
Uskayaw
Vehumet
Wu Jian
Xom
Yredelemnul

Shops:
D:2 (   D:7 ![   Orc:1 :   Orc:2 ([:(!

Annotations:
D:7 3 runed translucent doors, Anandil's ghost, novice GnWn
Temple 2 transporters


Innate Abilities, Weirdness & Mutations

You have a moderately thin skeletal structure. (Dex +4, Stealth++)
You regenerate health from kills.
You are robust. (+10% HP)
Spells you cast may paralyse nearby enemies.
Your touch may irresistibly damage your foes and sap their willpower.
You are somewhat resistant to further mutation.
You passively map a small area around you.


Message History

The catoblepas gores you.
* * * LOW HITPOINT WARNING * * *
You feel better.
You are engulfed in calcifying dust.
The catoblepas gores you! The catoblepas closely misses you.
Your limbs are stiffening.
You hit the catoblepas but do no damage.
The catoblepas is almost dead.
You are engulfed in calcifying dust.
You have turned to stone.
You are engulfed in calcifying dust.
The catoblepas breathes a plume of calcifying dust at you.
The blast of calcifying dust hits you but does no damage.
You are engulfed in calcifying dust.
The catoblepas breathes a plume of calcifying dust at you.
The blast of calcifying dust hits you but does no damage.
You are engulfed in calcifying dust.
The catoblepas gores you!
* * * LOW HITPOINT WARNING * * *
Your magical contamination has completely faded away.
The catoblepas gores you but does no damage.
The catoblepas breathes a plume of calcifying dust at you.
The blast of calcifying dust hits you but does no damage.
You are engulfed in calcifying dust.
The catoblepas gores you!!
* * * LOW HITPOINT WARNING * * *
You are engulfed in calcifying dust.
The catoblepas gores you!!
* * * LOW HITPOINT WARNING * * *
You are engulfed in calcifying dust.
The catoblepas gores you!!
* * * LOW HITPOINT WARNING * * *
You are engulfed in calcifying dust.
The catoblepas gores you!
* * * LOW HITPOINT WARNING * * *
You turn to flesh and can move again.
As you read the scroll of fear, it crumbles to dust.
You assume a fearsome visage.
The catoblepas resists with almost no effort.
You are engulfed in calcifying dust.
You are slowing down.
The catoblepas gores you.
* * * LOW HITPOINT WARNING * * *
A red film seems to cover your vision as you go berserk!
You feel yourself moving faster!
You feel mighty!
The catoblepas gores you but does no damage.
The catoblepas gores you!!
You die...

~ * ... * ~~ ~~*
..## ~.#####.P###
~ ~ ~#........^##
,,~,............#
, ##.........## ,
#.......†...# *
#P...:.Y..<.# ,
*#.....@†..##
#..........#
#..........#
#P..........# *
###.#.#..##.#
######## ##


You could see a catoblepas.

Vanquished Creatures
  A shadow dragon (shapeshifter) (D:13)
  An orc warlord (Orc:2)
  A very ugly thing (D:13)
  Josephine (D:12)
  Fannar (D:10)
  A hydra (Lair:2)
  4 boulder beetles
  Erolcha (D:10)
  2 catoblepae (Lair:1)
  A centaur warrior (D:13)
  The ghost of DemonSlayer the Arsonist, a journeyman DsFE (D:9)
  7 two-headed ogres
  2 orc high priests
  Sonja (D:10)
  Nergalle (D:12)
  An orc knight (Orc:2)
  2 deep elf pyromancers (D:13)
  4 orc sorcerers
  2 ugly things
  4 cyclopes
  3 manticores
  A torpor snail (shapeshifter) (D:13)
  2 black mambas
  4 cane toads
  15 elephants
  A gargoyle (D:11)
  A cane toad (shapeshifter) (D:11)
  An unseen horror (D:11)
  A torpor snail (Lair:2)
  2 rime drakes (Lair:3)
  3 kobold demonologists
  3 komodo dragons
  A tengu conjurer (D:11)
  6 trolls
  A polar bear (Lair:4)
  4 blink frogs (Lair:3)
  11 dream sheep
  2 shadows
  A vampire (D:10)
  24 yaks
  3 wyverns
  7 wraiths
  2 steam dragons
  Grum (D:11)
  2 vampire mosquitoes (D:12)
  A basilisk (Lair:3)
  3 acid dragons
  5 nagas (Lair:3)
  5 wargs
  10 water moccasins
  3 ice beasts
  A meliai simulacrum (D:13)
  8 sky beasts
  2 black bears (D:9)
  36 orc warriors
  5 ogres
  2 boggarts
  5 centaurs
  8 wolves
  6 phantoms
  8 kobold brigands (D:9)
  17 bullfrogs
  3 scorpions
  2 necrophages
  4 water moccasin zombies (Ossuary)
  A gnoll sergeant (D:6)
  10 wights (D:8)
  7 killer bees
  A troll zombie (D:11)
  An electric eel (Lair:1)
  4 howler monkeys
  4 hounds
  2 gnoll boudas
  29 orc priests
  Ijyb (D:4)
  An iguana (D:6)
  31 orc wizards
  5 ogre zombies (D:11)
  2 mummies (Ossuary)
  10 gnolls
  15 adders
  A shadow imp (D:6)
  4 white imps
  6 adder zombies (Ossuary)
  3 worms
  11 dart slugs
  103 orcs
  4 endoplasms
  10 giant cockroaches
  8 goblins
  7 hobgoblins
  2 jackals (D:3)
  8 kobolds
  6 quokkas
  10 ball pythons
  7 bats
  3 frilled lizards
  7 gnoll zombies (Ossuary)
  A goblin skeleton (D:11)
  3 goblin zombies (D:11)
  A hobgoblin skeleton (D:11)
  6 hobgoblin zombies (Ossuary)
  A kobold zombie (Ossuary)
  4 orc skeletons (D:11)
  15 orc zombies
  6 rats
  A butterfly (Lair:3)
637 creatures vanquished.

Vanquished Creatures (others)
  An orc priest (D:11)
  An orc (D:8)
  A bush (Lair:1)
  7 foxfires
  45 fungi
  72 plants
127 creatures vanquished.

Grand Total: 764 creatures vanquished

Notes
Turn   | Place    | Note
-------+----------+-------------------------------------------
     0 | D:1      | smilodon the Demonspawn Gladiator began the quest for the
                  | Orb.
     0 | D:1      | Reached XP level 1. HP: 16/16 MP: 1/1
   463 | D:1      | Gained mutation: Spells you cast may paralyse adjacent
                  | enemies. [demonic ancestry]
   463 | D:1      | Reached XP level 2. HP: 18/22 MP: 2/2
  1075 | D:1      | Found a faded altar of an unknown god.
  1472 | D:1      | Gained mutation: Your touch may inflict minor irresistible
                  | damage on your foes. [demonic ancestry]
  1472 | D:1      | Reached XP level 3. HP: 27/27 MP: 3/3
  1812 | D:2      | Identified the ring of Oshred {Drain rF+ rN+ Dex+6}
  1955 | D:2      | Reached skill level 1 in Armour
  2003 | D:2      | Gained mutation: Your touch may inflict irresistible damage
                  | on your foes. [demonic ancestry]
  2003 | D:2      | Reached XP level 4. HP: 34/34 MP: 4/4
  2058 | D:2      | Found Fuhianke's Weapon Shoppe.
  2696 | D:3      | Gained mutation: You regenerate a little health from kills.
                  | [demonic ancestry]
  2696 | D:3      | Reached XP level 5. HP: 39/39 MP: 5/5
  3309 | D:4      | Noticed Ijyb
  3542 | D:3      | Reached skill level 1 in Short Blades
  3925 | D:4      | Reached XP level 6. HP: 44/46 MP: 6/6
  3930 | D:4      | Killed Ijyb
  4382 | D:4      | Reached skill level 1 in Stealth
  4382 | D:4      | Gained mutation: Spells you cast may paralyse nearby
                  | enemies. [demonic ancestry]
  4382 | D:4      | Reached XP level 7. HP: 45/52 MP: 7/7
  4772 | D:5      | Entered Level 5 of the Dungeon
  4772 | D:5      | You fall into a shaft and drop 2 floors!
  5063 | D:7      | Found a runed translucent gate.
  5064 | D:7      | Found a runed translucent gate.
  5064 | D:7      | Found a runed translucent gate.
  5066 | D:7      | Noticed Anandil's ghost (novice GnWn)
  5223 | D:6      | Reached skill level 5 in Armour
  5239 | D:6      | Gained mutation: You have a somewhat thin skeletal
                  | structure. (Dex +2, Stealth+) [demonic ancestry]
  5239 | D:6      | Reached XP level 8. HP: 56/60 MP: 8/8
  5260 | D:6      | Found a basalt altar of Yredelemnul.
  5522 | D:6      | Gained mutation: You passively map a small area around you.
                  | [potion of mutation]
  5522 | D:6      | Gained mutation: You are somewhat resistant to further
                  | mutation. [potion of mutation]
  5653 | D:6      | Found a staircase to the Ecumenical Temple.
  5732 | Temple   | Entered the Ecumenical Temple
  5732 | Temple   | Found a transporter.
  5732 | Temple   | Found a transporter.
  5734 | Temple   | Found a transporter.
  5734 | Temple   | Found a transporter.
  5795 | Temple   | Became a worshipper of Vehumet
  6381 | D:7      | Reached skill level 5 in Short Blades
  6381 | D:7      | Reached XP level 9. HP: 66/66 MP: 9/9
  6443 | D:7      | Reached * piety under Vehumet
  6443 | D:7      | Offered knowledge of Foxfire by Vehumet.
  6499 | D:7      | Noticed a two-headed ogre
  6508 | D:7      | Killed a two-headed ogre
  6509 | D:7      | Reached skill level 1 in Spellcasting
  6560 | D:7      | Found Doirr's Distillery.
  6637 | D:7      | Found Wustrung's Antique Armour Shop.
  6649 | D:7      | Bought a shimmering robe for 142 gold pieces
  6649 | D:7      | Identified the +0 robe of Meityasi {rPois} (You bought it
                  | in a shop on level 7 of the Dungeon)
  6725 | D:7      | Bought a potion of might for 44 gold pieces
  6725 | D:7      | Bought a potion of degeneration for 11 gold pieces
  6891 | D:7      | Found a broken altar of Ashenzari.
  6894 | D:7      | Found a blossoming altar of Fedhas.
  6901 | D:7      | Found a bloodstained altar of Trog.
  6996 | D:8      | Found a sand-covered staircase.
  7005 | Ossuary  | Entered an ossuary
  7177 | Ossuary  | Offered knowledge of Sandblast by Vehumet.
  7182 | Ossuary  | Reached ** piety under Vehumet
  7308 | D:8      | Reached skill level 5 in Dodging
  7354 | D:8      | Offered knowledge of Static Discharge by Vehumet.
  7360 | D:8      | Gained mutation: Your touch may irresistibly damage your
                  | foes and sap their willpower. [demonic ancestry]
  7360 | D:8      | Reached XP level 10. HP: 57/73 MP: 15/15
  7556 | D:8      | Reached *** piety under Vehumet
  7962 | D:8      | Found a shadowy altar of Dithmenos.
  7971 | D:8      | Found an ancient bone altar of Kikubaaqudgha.
  8096 | D:9      | Noticed a two-headed ogre
  8114 | D:9      | Killed a two-headed ogre
  8115 | D:9      | Reached skill level 5 in Stealth
  8313 | D:9      | Learned a level 1 spell: Foxfire
  8316 | D:9      | Learned a level 2 spell: Static Discharge
  8338 | D:9      | Found a burning altar of Makhleb.
  8426 | D:9      | Found a runed translucent gate.
  8426 | D:9      | Found a runed translucent gate.
  8426 | D:9      | Found a runed translucent gate.
  8485 | D:9      | Offered knowledge of Mephitic Cloud by Vehumet.
  8487 | D:9      | Found a staircase to the Lair.
  8755 | D:9      | Reached skill level 5 in Spellcasting
  8767 | D:9      | Reached skill level 1 in Fire Magic
  8767 | D:9      | Reached skill level 1 in Air Magic
  9108 | D:9      | Noticed DemonSlayer's ghost (journeyman DsFE)
  9234 | D:9      | Gained mutation: You have a moderately thin skeletal
                  | structure. (Dex +4, Stealth++) [demonic ancestry]
  9234 | D:9      | Reached XP level 11. HP: 67/78 MP: 15/18
  9236 | D:9      | Noticed a sixfirhy
  9282 | D:9      | Killed DemonSlayer's ghost
  9286 | D:9      | Reached **** piety under Vehumet
  9383 | D:10     | Entered Level 10 of the Dungeon
  9586 | D:10     | Noticed Fannar
  9590 | D:10     | Noticed a two-headed ogre
  9604 | D:10     | Killed Fannar
  9611 | D:10     | Killed a two-headed ogre
  9834 | D:10     | Noticed Sonja
  9837 | D:10     | Killed Sonja
 10187 | D:10     | Noticed Erolcha
 10207 | D:10     | Killed Erolcha
 10570 | D:10     | Noticed a two-headed ogre
 10584 | D:10     | Killed a two-headed ogre
 10619 | D:10     | Upgraded the game from 0.29.0-7-g18a832c13a to
                  | 0.29.0-10-g45618ea6d2
 10647 | D:10     | Noticed a two-headed ogre
 10654 | D:10     | Killed a two-headed ogre
 11273 | D:11     | Identified the +6 war axe "Icaosk" {flame, rElec Int+3}
 11294 | D:11     | Noticed Grum
 11298 | D:11     | Offered knowledge of Ignite Poison by Vehumet.
 11313 | D:11     | Killed Grum
 11760 | D:11     | Found a staircase to the Orcish Mines.
 11775 | D:11     | Reached XP level 12. HP: 84/84 MP: 21/21
 11911 | D:11     | Learned a level 1 spell: Freeze
 11995 | D:11     | Noticed a two-headed ogre
 11995 | D:11     | Noticed a boulder beetle
 12020 | D:11     | Killed a two-headed ogre
 12773 | D:12     | Noticed a boulder beetle
 12792 | D:12     | Killed a boulder beetle
 12793 | D:12     | Reached skill level 1 in Shields
 12869 | D:12     | Noticed Nergalle
 12877 | D:12     | Killed Nergalle
 12995 | D:12     | Reached ***** piety under Vehumet
 12997 | D:12     | Offered knowledge of Fulminant Prism by Vehumet.
 13035 | D:12     | Reached skill level 5 in Fire Magic
 13442 | D:13     | Noticed Josephine
 13619 | D:11     | Noticed a two-headed ogre
 13620 | D:11     | Noticed a boulder beetle
 13663 | D:12     | Killed Josephine
 13745 | D:13     | Reached skill level 5 in Air Magic
 13897 | D:13     | Reached skill level 10 in Short Blades
 14173 | D:13     | Noticed a two-headed ogre
 14176 | D:13     | Killed a two-headed ogre
 14277 | D:13     | Reached skill level 1 in Evocations
 14301 | D:13     | Noticed a five-headed hydra
 14302 | D:13     | Noticed a boulder beetle
 14305 | D:13     | Noticed a boulder beetle
 14887 | D:13     | Killed a boulder beetle
 14888 | D:13     | Gained mutation: You are robust. (+10% HP) [demonic
                  | ancestry]
 14888 | D:13     | Reached XP level 13. HP: 84/99 MP: 23/23
 14964 | D:13     | Noticed a shadow dragon
 14981 | D:13     | Found the +12 glaive of Prune {vorpal}
 15008 | D:13     | Killed a shadow dragon
 15170 | D:13     | Noticed a red very ugly thing
 15188 | D:13     | Killed a red very ugly thing
 15308 | D:13     | Reached skill level 1 in Ice Magic
 15727 | Orc:1    | Entered Level 1 of the Orcish Mines
 16333 | Orc:1    | Found Qukeetokh's Book Shoppe.
 16616 | Orc:1    | Learned a level 3 spell: Stone Arrow
 16634 | Orc:2    | Entered Level 2 of the Orcish Mines
 16634 | Orc:2    | Found Duowasast's Book Emporium.
 16711 | Orc:1    | Offered knowledge of Sticky Flame by Vehumet.
 17510 | Orc:2    | Found a staircase to the Elven Halls.
 17523 | Orc:2    | Noticed an orc warlord
 18577 | Orc:2    | Found Noif's Antique Weapon Shop.
 18579 | Orc:2    | Found Opnuxoa's Antique Armour Boutique.
 18606 | Orc:2    | Bought a transparent robe for 119 gold pieces
 18606 | Orc:2    | Identified the +2 robe "Wiuverim" {Int+2 Dex+3} (You bought
                  | it in a shop on level 2 of the Orcish Mines)
 18606 | Orc:2    | Bought a pair of boots for 94 gold pieces
 18971 | Orc:2    | Killed an orc warlord
 19341 | Orc:2    | Found Dossyam's Distillery.
 19427 | Orc:2    | Found Puptarch's Antique Weapon Shop.
 19442 | Orc:2    | Offered knowledge of Eringya's Noxious Bog by Vehumet.
 19819 | Lair:1   | Entered Level 1 of the Lair of Beasts
 20689 | Lair:1   | Reached skill level 10 in Stealth
 20930 | Lair:1   | Gained mutation: You regenerate health from kills. [demonic
                  | ancestry]
 20930 | Lair:1   | Reached XP level 14. HP: 87/105 MP: 7/26
 21384 | Lair:2   | Identified the +2 ring mail of Badunass {rElec Will+ Regen+
                  | Int-3}
 21418 | Lair:2   | Got the Omnibus of Productive Misery
 21668 | Lair:2   | Found a staircase to the Shoals.
 21685 | Lair:2   | Reached skill level 1 in Earth Magic
 22106 | Lair:2   | Found a basalt altar of Yredelemnul.
 22915 | Lair:3   | Found a stormy altar of Qazlal.
 23307 | Lair:3   | Found a staircase to the Snake Pit.
 23624 | Lair:3   | Learned a level 4 spell: Flame Wave
 23906 | Lair:4   | HP: 5/105 [catoblepas (11)]
 23909 | Lair:4   | Mangled by a catoblepas

Illustrated notes

Levels and vault maps discovered:
D:1:      psy_arrival_conway, layout_loops_corners,
          shapermc_ecumenical_altar_flowoftime, chequers_serial_rivers_micro_a,
          nrook_uturn, minmay_worlds_worst_comb
D:2:      layout_rooms, serial_shops, nicolae_shop_bloodbath_and_beyond,
          minmay_goblin_kobold_house
D:3:      layout_basic
D:4:      kennysheep_slugbush, layout_loops_ring, uniq_ijyb
D:5:      layout_cave_pools
D:6:      nicolae_cairo_tiling, layout_rooms, mainiacjoe_overflow_catwalk,
          minmay_temple_entry_tees
D:7:      layout_gridville, minitemple, serial_shops, shop,
          nicolae_inconvenience_store, ebering_ghost_rock_garden
D:8:      kennysheep_spiral_hall, layout_rooms, mainiacjoe_overflow_swirl,
          nicolae_ossuary_entry_ruins
D:9:      layout_irregular_city, amcnicky_altar_gilded,
          due_lair_maze_entry_diamond, gammafunk_ghost_nasty_kobolds
D:10:     layout_loops_corners, uniq_fannar, uniq_sonja, uniq_erolcha
D:11:     layout_roguey, zombieorc1_lemuel, kennysheep_small_spiral,
          minmay_pinched_square, uniq_grum
D:12:     layout_cave_pools, uniq_nergalle
D:13:     minmay_the_grid_triangle_9x9_rhombus_thin_mashed
          [minmay_the_grid_triangle_9x9_corruption,
          minmay_the_grid_triangle_9x9_prize_top_heavy,
          minmay_the_grid_triangle_9x9_sparse_checkered,
          minmay_the_grid_triangle_9x9_skeleton], layout_rooms,
          nicolae_hexahallways, small_chamber_with_monster, uniq_josephine
Temple:   hellmonk_temple_divided_pantheon
Lair:1:   layout_regular_city, grunt_forest_stairs_basic,
          nicolae_lair_grazing_beasts [nicolae_sub_lair_graze_edge,
          nicolae_sub_lair_graze_edge, nicolae_sub_lair_graze_edge,
          nicolae_sub_lair_graze_edge]
Lair:2:   layout_small_grid, elwin_shoals_entry_rocks, basic_altar
Lair:3:   layout_loops_ring, minmay_snake_entry_guardpost_medium, basic_altar,
          lemuel_fruit_fields
Lair:4:   layout_roguey, infiniplex_staircase_pool_2
Orc:1:    layout_caves, serial_shops, shop_coins, mines1_david
Orc:2:    grunt_orc_community_town_hall, layout_caves,
          grunt_orc_community_big_house_2, grunt_orc_community_big_house_2,
          grunt_orc_community_house_3, grunt_orc_community_house_3,
          grunt_orc_community_house_2, grunt_orc_community_house_1,
          grunt_orc_community_house_1, serial_shops, shop, basic_altar

Skill      XL: |  1  2  3  4  5  6  7  8  9 10 11 12 13 14 |
---------------+-------------------------------------------+-----
Throwing       | 2 |  2.4
Long Blades    | 3 4 |  4.2
Armour         | 1 2 4 5 6 7 |  7.7
Dodging        | 3 4 5 6 7 8 |  8.9
Short Blades   | 1 2 3 5 6 7 9 10 | 10.0
Fighting       | 3 4 |  4.4
Stealth        | 1 2 4 5 6 8 10 | 10.8
Spellcasting   | 3 5 6 7 8 9 |  9.4
Fire Magic     | 1 3 5 7 |  7.5
Air Magic      | 1 3 5 6 7 |  7.2
Shields        | 2 3 |  3.5
Evocations     | 1 |  1.7
Ice Magic      | 1 |  1.7
Earth Magic    | 1 |  1.7

Action                   |  1- 3 |  4- 6 |  7- 9 | 10-12 | 13-15 || total
-------------------------+-------+-------+-------+-------+-------++-------
Melee: Long sword        |   149 |    12 |       |       |       ||   161
       Touch             |     6 |    26 |    88 |   184 |   299 ||   603
       Dagger            |       |   158 |   333 |   733 |  1170 ||  2394
       Punch             |       |     1 |     1 |    12 |    26 ||    40
Throw: Throwing net      |       |       |     3 |     2 |     1 ||     6
 Cast: Foxfire           |       |       |       |     6 |       ||     6
       Static Discharge  |       |       |       |    15 |    21 ||    36
       Freeze            |       |       |       |     2 |    18 ||    20
       Stone Arrow       |       |       |       |       |    40 ||    40
       Flame Wave        |       |       |       |       |     2 ||     2
Evoke: Wand              |       |       |     1 |     8 |       ||     9
       Condenser vane    |       |       |       |     1 |     1 ||     2
       Box of beasts     |       |       |       |       |     1 ||     1
  Use: Scroll            |       |     8 |     5 |    14 |    11 ||    38
       Potion            |       |     3 |     5 |     6 |     8 ||    22
 Stab: Sleeping          |     1 |       |     9 |    23 |    30 ||    63
       Held in net/web   |       |       |     2 |     1 |       ||     3
       Distracted        |       |       |       |     4 |     8 ||    12
       Confused          |       |       |       |     1 |       ||     1
       Paralysed         |       |       |       |     2 |    16 ||    18
Armor: Chain mail        |   130 |    90 |       |       |       ||   220
       Leather armour    |     4 |       |       |       |       ||     4
       Scale mail        |       |    20 |   122 |   161 |       ||   303
       Acid dragon scale |       |       |       |     6 |    98 ||   104
       Robe              |       |       |       |       |    27 ||    27
       Ring mail         |       |       |       |       |    95 ||    95
Dodge: Dodged            |    65 |    60 |   176 |   243 |   537 ||  1081
Block: Other             |       |       |       |    42 |   103 ||   145
       Reflection        |       |       |       |       |     6 ||     6
